 Dungeon Crawl Stone Soup version 0.31-a0-174-g85c54bcb58 (webtiles) character file.

Game seed: 9243396294044158190

450 Anon1729 the Trooper (level 6, -1/56 HPs)
             Began as a Minotaur Monk on June 15, 2023.
             Slain by Pikel
             ... wielding a +1 whip of freezing
              (3 damage)
             ... on level 4 of the Dungeon.
             The game lasted 00:01:21 (3199 turns).

Anon1729 the Trooper (Minotaur Monk)                Turns: 3199, Time: 00:01:21

Health: -1/56      AC:  8    Str: 16    XL:     6   Next: 74%
Magic:  7/7        EV: 14    Int:  7    God:
Gold:   144        SH:  0    Dex: 14    Spells: 5/5 levels left

rFire   . . .        a - +0 short sword
rCold   . . .        d - orb {light}
rNeg    . . .        b - +0 robe
rPois   .            (helmet restricted)
rElec   .            o - +0 cloak
rCorr   .            n - +0 pair of gloves
SInv    .            (no boots)
Will    +....        (no amulet)
Stlth   +            v - +4 ring of protection
HPRegen 0.29/turn    t - ring of willpower
MPRegen 0.10/turn

%: no passive effects
@: hasted, glowing, very quick
A: horns 2, retaliatory headbutt
a: no special abilities


You were on level 4 of the Dungeon.
You visited 1 branch of the dungeon, and saw 4 of its levels.

You collected 144 gold pieces.

Inventory:

Hand Weapons
 a - a +0 short sword (weapon)
Armour
 b - a +0 robe (worn)
 d - an orb of light (worn)
 n - a +0 pair of gloves (worn)
 o - a +0 cloak (worn)
Jewellery
 s - a ring of protection from fire
 t - a ring of willpower (right hand)
 v - a +4 ring of protection (left hand)
Wands
 w - a wand of iceblast (7)
 z - a wand of digging (7)
Scrolls
 g - a scroll of teleportation {unknown}
 i - 2 scrolls of amnesia {unknown}
 j - a scroll of silence {unknown}
 k - a scroll of enchant armour {unknown}
 m - 5 scrolls of identify {unknown}
 y - a scroll of revelation {unknown}
Potions
 c - a potion of ambrosia
 e - a potion of heal wounds {unknown}
 f - 2 potions of enlightenment {unknown}
 h - a potion of curing {unknown}
 l - 3 potions of haste
 p - 2 potions of might {unknown}
 q - a potion of berserk rage {unknown}
 r - 2 potions of cancellation {unknown}
 u - a potion of lignification {unknown}
 x - a potion of magic {unknown}


   Skills:
 + Level 5.2 Fighting
 + Level 4.7 Short Blades
 + Level 3.5 Armour
 + Level 4.7 Dodging
 + Level 2.8 Invocations


You had 5 spell levels left.
You didn't know any spells.
Your spell library contained the following spells:

 Spells                   Type           Power      Damage    Failure   Level
 Blink                    Tloc           0%         N/A       56%         2
 Ensorcelled Hibernation  Hex/Ice        0%         N/A       56%         2
 Passwall                 Tmut/Erth      0%         N/A       56%         2
 Swiftness                Air            0%         N/A       80%         3
 Manifold Assault         Tloc           0%         N/A       99%         4
 Storm Form               Tmut/Air       0%         N/A       100%        7


Dungeon Overview and Level Annotations

Branches:
Dungeon (4/15)
 Temple: D:4-7

Altars:
Elyvilon

Annotations:
D:4 Pikel


Innate Abilities, Weirdness & Mutations

You have a pair of horns on your head.
You reflexively headbutt those who attack you in melee.


Message History

Pikel is heavily wounded.
You closely miss Pikel.
Pikel is heavily wounded.
Pikel hits you with a +1 whip of freezing.
Pikel freezes you.
You closely miss Pikel.
Pikel is heavily wounded.
Pikel barely misses you.
You hit Pikel but do no damage.
Pikel is heavily wounded.
You completely miss Pikel.
Pikel is heavily wounded.
Pikel closely misses you.
You hit Pikel but do no damage.
Pikel is heavily wounded.
You hit Pikel. You headbutt Pikel!
Pikel is almost dead.
Pikel hits you with a +1 whip of freezing!
* * * LOW HITPOINT WARNING * * *
Pikel freezes you.
* * * LOW HITPOINT WARNING * * *
You barely miss Pikel.
Pikel is almost dead.
You hit Pikel but do no damage.
Pikel is almost dead.
Pikel hits you with a +1 whip of freezing.
* * * LOW HITPOINT WARNING * * *
Pikel freezes you.
* * * LOW HITPOINT WARNING * * *
You hit Pikel but do no damage.
Pikel is almost dead.
You hit Pikel but do no damage. Your headbutt misses Pikel.
Pikel is almost dead.
Pikel hits you but does no damage.
You hit Pikel. You headbutt Pikel.
Pikel is almost dead.
You hit Pikel but do no damage.
Pikel is almost dead.
Pikel hits you with a +1 whip of freezing.
You die...

#.#....##.....#.###..###
#.#....#..#####.#>..###.
#.#....#.## #.#.### #.
####...## #.#.#####. #
#....#####.#....... #.##
####.....#.#.......
..... #####...........
.[...5####..............
....55K@................
.<...5####......).......
##### #..............
#..............
#..............
#........######
#........# ##########


You could see Pikel and 4 lemures.

Vanquished Creatures
  Sigmund (D:4)
  Ijyb (D:4)
  An iguana (D:4)
  2 orc wizards
  11 adders
  A worm (D:2)
  2 dart slugs (D:1)
  5 orcs
  7 ball pythons
  3 bats
  4 endoplasms
  2 giant cockroaches (D:3)
  7 goblins
  5 hobgoblins
  3 jackals (D:1)
  5 quokkas
  4 frilled lizards
  7 kobolds
  6 rats
77 creatures vanquished.

Notes
Turn   | Place    | Note
-------+----------+-------------------------------------------
     0 | D:1      | Anon1729 the Minotaur Monk began the quest for the Orb.
     0 | D:1      | Reached XP level 1. HP: 19/19 MP: 0/0
   112 | D:1      | Reached XP level 2. HP: 27/27 MP: 1/1
   265 | D:1      | Reached skill level 1 in Armour
   620 | D:1      | Reached skill level 4 in Fighting
   635 | D:1      | Reached skill level 1 in Invocations
   635 | D:1      | Reached XP level 3. HP: 33/33 MP: 2/2
  1212 | D:2      | Reached XP level 4. HP: 39/40 MP: 4/4
  1699 | D:3      | Found a faded altar of an unknown god.
  2282 | D:3      | Reached XP level 5. HP: 33/47 MP: 5/5
  2562 | D:4      | Noticed Sigmund
  2574 | D:4      | Killed Sigmund
  2575 | D:4      | Reached skill level 5 in Fighting
  2575 | D:4      | Reached XP level 6. HP: 26/56 MP: 6/6
  2901 | D:4      | Noticed Ijyb
  2912 | D:4      | Killed Ijyb
  2929 | D:4      | Identified the +5 ring mail "Dorutz" {rF- Dex+6 Slay+3}
  3074 | D:4      | Found a white marble altar of Elyvilon.
  3177 | D:4      | Noticed Pikel
  3195 | D:4      | HP: 2/56 [Pikel/+1 whip of freezing (4)]
  3199 | D:4      | Slain by Pikel

Illustrated notes

Levels and vault maps discovered:
D:1:      minmay_arrival_doors, layout_loops_ring, kennysheep_doodads
D:2:      layout_basic, kennysheep_generic_room_6
D:3:      layout_loops_corners, shapermc_ecumenical_altar_mp_ritualfount
D:4:      layout_rooms, nicolae_elyvilon_temple_path, uniq_pikel, uniq_sigmund,
          uniq_ijyb

Skill      XL: |  1  2  3  4  5 |
---------------+----------------+-----
Armour         | 1 2 3 |  3.5
Fighting       | 4 5 |  5.2
Invocations    | 1 2 |  2.8
Short Blades   | 4 |  4.7
Dodging        | 4 |  4.7

Action                     |  1- 3 |  4- 6 || total
---------------------------+-------+-------++-------
  Melee: Short sword       |    91 |   144 ||   235
         Headbutt          |    25 |    41 ||    66
    Use: Potion            |       |     1 ||     1
 Armour: Robe              |    12 |    26 ||    38
  Dodge: Dodged            |    49 |    80 ||   129

Table legend: (Time is in decaauts)
 A = Elapsed time spent in this place.
 B = Non-inter-level travel time spent in this place.
 C = Inter-level travel time spent in this place.
 D = Time resting spent in this place.
 E = Time spent auto-exploring this place.
 F = Levels seen in this place.
 G = Mean time per level.
                   A        B        C        D        E       F      G
               +--------+--------+--------+--------+--------+-----+--------+
         Total |   3148 |   2940 |    208 |      0 |   2514 |   4 |  787.0 |
       Dungeon |   3148 |   2940 |    208 |      0 |   2514 |   4 |  787.0 |
               +--------+--------+--------+--------+--------+-----+--------+

Top non-repeatable levels by time:
     D:3: 922 daAuts
     D:1: 846 daAuts
     D:2: 766 daAuts
     D:4: 613 daAuts
